 Dungeon Crawl Stone Soup version 0.18-a0-1243-g9e52518 (webtiles) character file.

4067 namelastname112 the Basher (level 10, -10/86 HPs)
             Began as a Yellow Draconian Gladiator on Feb 5, 2016.
             Was an Initiate of Gozag.
             Mangled by a white ugly thing (23 damage)
             ... on level 9 of the Dungeon.
             The game lasted 00:14:14 (8512 turns).

namelastname112 the Basher (DrGl)                   Turns: 8512, Time: 00:14:14

Health: -10/86     AC: 12    Str: 18    XL:     10   Next: 5%
Magic:  10/10      EV: 17    Int:  8    God:    Gozag
Gold:   44         SH:  0    Dex: 19    Spells: 0 memorised, 9 levels left

rFire  . . .     SeeInvis +     x - +4 quarterstaff (chaos)
rCold  . . .     Gourm    .     (armour unavailable)
rNeg   . . .     Faith    .     (shield currently unavailable)
rPois  .         Spirit   .     b - +0 hat
rElec  .         Dismiss  .     o - +1 cloak
rCorr  +         Reflect  .     l - +2 pair of gloves
SustAt .         Harm     .     (no boots)
MR     +....                    (no amulet)
Stlth  ++........               y - ring "Diproll" {MR+ Dex+4}
                                V - ring of see invisible

@: short of breath, somewhat resistant to hostile enchantments, unstealthy
A: spit acid, acid resistance, unfitting armour, cold-blooded, AC +7
a: Spit Acid, Potion Petition, Call Merchant, Bribe Branch, Renounce Religion


You were on level 9 of the Dungeon.
You worshipped Gozag.
Gozag was noncommittal.
You were not hungry.

You visited 2 branches of the dungeon, and saw 10 of its levels.
You also visited: Sewer.

You collected 423 gold pieces.
You spent 252 gold pieces at shops.
You paid 127 gold pieces to Gozag.

Inventory:

Hand Weapons
 a - a +0 flail
 x - a +4 quarterstaff of chaos (weapon)
 M - a +0 dagger of electrocution
Missiles
 c - 2 throwing nets
 f - 7 javelins
 g - 9 tomahawks (quivered)
Armour
 b - a +0 hat (worn)
 l - a +2 pair of gloves (worn)
 o - a +1 cloak (worn)
Jewellery
 t - an uncursed ring of sustain attributes
 y - the ring "Diproll" (right hand) {MR+ Dex+4}
   (You found it on level 5 of the Dungeon)

   [ring of protection from magic]

   It affects your dexterity (+4).
   It affects your resistance to hostile enchantments.
 L - an uncursed ring of magical power
 V - a ring of see invisible (left hand)
Wands
 v - a wand of slowing (32/48)
 C - a wand of hasting (2/9)
 K - a wand of confusion (19/48)
 N - a wand of disintegration (9/24)
 O - a wand of digging (18/24)
 S - a wand of lightning (0/15)
 T - a wand of paralysis (2/24)
Scrolls
 e - 6 scrolls of teleportation {unknown}
 i - 11 scrolls of identify {unknown}
 j - 4 scrolls of enchant armour {unknown}
 k - 2 scrolls of noise {unknown}
 n - 5 scrolls of enchant weapon {unknown}
 s - 4 scrolls of remove curse {unknown}
 z - a scroll of summoning {unknown}
 G - a scroll of amnesia {unknown}
 I - a scroll of immolation {unknown}
 J - 3 scrolls of fear {unknown}
 P - a scroll of recharging {unknown}
 X - a scroll of magic mapping {unknown}
Potions
 m - a potion of lignification {unknown}
 q - 2 potions of haste {unknown}
 u - 3 potions of might {unknown}
 w - 2 potions of beneficial mutation {unknown}
 B - a potion of ambrosia {unknown}
 D - 3 potions of curing {unknown}
 E - 2 potions of agility {unknown}
 F - 2 potions of flight {unknown}
 H - 2 potions of brilliance {unknown}
 R - 2 potions of resistance {unknown}
 W - a potion of poison {unknown}
Books
 p - a book of Dreams

   Spells                             Type                      Level
   a - Ensorcelled Hibernation        Hexes/Ice                    2
   b - Phase Shift                    Translocation                5
   c - Silence                        Hexes/Air                    5
   d - Darkness                       Hexes                        6
   e - Mass Confusion                 Hexes                        6
   f - Shadow Creatures               Summoning                    6
Comestibles
 d - 6 bread rations
 r - 6 meat rations
 A - 6 beef jerkies
 U - 10 royal jellies


   Skills:
 + Level 7.5 Fighting
 * Level 9.8 Maces & Flails
 + Level 6.1 Throwing
 + Level 6.3 Dodging


You had 9 spell levels left.
You didn't know any spells.

Dungeon Overview and Level Annotations

Branches:
Dungeon (9/15)             Temple (1/1) D:7
   Lair: D:8-11         Orc: D:9-12

Altars:
Ashenzari
Cheibriados
Dithmenos
Elyvilon
Fedhas
Gozag
Kikubaaqudgha
Makhleb
Nemelex Xobeh
Pakellas
Qazlal
Ru
Sif Muna
Vehumet
Xom
Yredelemnul
Zin
The Shining One

Shops:
D:4 }:(}(   D:6 *[   D:7 (*:   D:8 :


Innate Abilities, Weirdness & Mutations

You can spit globs of acid.
You are resistant to acid.
Your golden yellow scales are hard (AC +7).
Your body does not fit into most forms of armour.
You are cold-blooded and may be slowed by cold attacks.


Message History

The white ugly thing is moderately wounded.
The white ugly thing barely misses you.
You sock the white ugly thing!
The white ugly thing is heavily wounded.
You feel yourself speed up.
The white ugly thing tentacle-slaps you.
The white ugly thing freezes you!
* * * LOW HITPOINT WARNING * * *
The white ugly thing barely misses you.
You closely miss the white ugly thing.
You tail-slap the white ugly thing, but do no damage.
The white ugly thing is heavily wounded.
The white ugly thing closely misses you.
You sock the white ugly thing! You burn the white ugly thing.
The white ugly thing is severely wounded.
The white ugly thing tentacle-slaps you.
* * * LOW HITPOINT WARNING * * *
The white ugly thing freezes you!!
You die...
Your body crumbles into a pile of gold.

.# #...#
####.#############
.# #...# #..... #.
.# #...# #.##.# #.
.# #...# #.##. ##.
.#####...#######.#
#..
...............#.#
#..
.................##
#..
...............#u.#
#..
.#####..(#######@##
#.# .# #...# ###
#.# ## #...# #..
#...# ## ### #...#
##...#### #...#
#........ ..#.#
#....#### ##.## #..
#


You could see a white ugly thing.

Vanquished Creatures
  A troll (D:9)
  4 yaks
  A hippogriff (D:7)
  A hungry ghost (D:7)
  A soldier ant (D:8)
  A water moccasin (D:8)
  Purgy (D:3)
  2 ice beasts
  A black bear (D:8)
  3 wasps
  A centaur (D:5)
  4 ogres
  A giant frog (D:6)
  3 scorpions
  4 killer bees (D:8)
  6 wights
  4 crimson imps
  A giant frog zombie (D:5)
  5 hounds
  6 jellies
  2 giant frog skeletons
  An orc priest (D:5)
  Crazy Yiuf (D:3)
  A centaur skeleton (D:4)
  2 iguanas
  5 worker ants
  2 killer bee zombies
  A hound zombie (D:6)
  A hound skeleton (D:5)
  3 gnolls (D:8)
  11 adders
  2 shadow imps
  An ooze (Sewer)
  2 adder skeletons
  A worm (D:8)
  6 giant geckos
  17 orcs
  8 giant cockroaches
  4 hobgoblins
  7 jackals
  19 kobolds
  2 ball pythons (Sewer)
  8 bats
  A giant gecko zombie (D:7)
  7 giant newts
  5 goblins
  2 jackal skeletons
  A quokka skeleton (D:5)
  A quokka zombie (D:8)
  12 rats
187 creatures vanquished.

Vanquished Creatures (others)
  9 fungi (D:9)
9 creatures vanquished.

Grand Total: 196 creatures vanquished

Notes
Turn   | Place    | Note
--------------------------------------------------------------
     0 | D:1      | namelastname112 the Draconian Gladiator began the quest for the Orb.
     0 | D:1      | Reached XP level 1. HP: 17/17 MP: 1/1
    57 | D:1      | Reached XP level 2. HP: 9/25 MP: 2/2
  1206 | D:2      | Reached XP level 3. HP: 28/30 MP: 3/3
  1283 | D:2      | Noticed an ogre
  1289 | D:2      | Killed an ogre
  1289 | D:2      | Reached skill level 4 in Maces & Flails
  1289 | D:2      | Reached XP level 4. HP: 36/38 MP: 4/4
  1637 | D:2      | Found a white marble altar of Elyvilon.
  1637 | D:2      | Found a glowing golden altar of the Shining One.
  1637 | D:2      | Found a glowing silver altar of Zin.
  1795 | D:2      | Reached XP level 5. HP: 45/45 MP: 5/5
  2395 | D:3      | Noticed Purgy
  2406 | D:3      | Killed Purgy
  2406 | D:3      | Reached XP level 6. HP: 45/51 MP: 6/6
  2505 | D:3      | Found a burning altar of Makhleb.
  2505 | D:3      | Found a shimmering altar of Xom.
  2511 | D:3      | Paralysed by a crimson imp for 7 turns
  2611 | D:3      | Noticed Crazy Yiuf
  2615 | D:3      | Paralysed by Crazy Yiuf for 3 turns
  2623 | D:3      | Killed Crazy Yiuf
  2623 | D:3      | Reached skill level 5 in Maces & Flails
  2790 | D:4      | Found Nuityme's Gadget Emporium.
  3018 | D:4      | Found Loaroent's Antique Weapon Boutique.
  3053 | D:4      | Found Rozoj's Gadget Shoppe.
  3067 | D:4      | Found a basalt altar of Yredelemnul.
  3086 | D:4      | Found Minnyrorph's Antique Weapon Shop.
  3122 | D:4      | Found a snail-covered altar of Cheibriados.
  3229 | D:4      | Found Hozets's Book Emporium.
  3379 | D:5      | Entered Level 5 of the Dungeon
  3387 | D:5      | Reached XP level 7. HP: 28/59 MP: 7/7
  3387 | D:5      | Your scales start taking on a golden yellow colour.
  3477 | D:5      | Got a flickering granite ring
  3494 | D:5      | Identified the ring "Diproll" {MR+ Dex+4} (You found it on level 5 of the Dungeon)
  3584 | D:5      | Reached skill level 6 in Maces & Flails
  3628 | D:5      | Found a glowing drain.
  3652 | Sewer    | Entered a sewer
  4237 | D:5      | Reached XP level 8. HP: 60/67 MP: 8/8
  4309 | D:5      | Reached skill level 5 in Fighting
  4635 | D:6      | Found Zawiubis's Assorted Antiques.
  4643 | D:6      | Bought a scroll labeled KYPYNK LUPHA for 29 gold pieces
  4643 | D:6      | Bought a cabochon ring for 145 gold pieces
  4691 | D:6      | Found Ulid's Antique Armour Shop.
  4833 | D:6      | Reached skill level 7 in Maces & Flails
  5216 | D:6      | Found a sacrificial altar of Ru.
  5315 | D:7      | Found Seikh's Weapon Emporium.
  5568 | D:7      | Reached skill level 5 in Dodging
  5588 | D:7      | Found a staircase to the Ecumenical Temple.
  5625 | Temple   | Entered the Ecumenical Temple
  5803 | D:7      | Found Zedan's Assorted Antiques.
  5808 | D:7      | Found Omnixzoik's Book Emporium.
  5809 | D:7      | Bought a fuming amethyst potion for 26 gold pieces
  5809 | D:7      | Bought 2 fizzy silvery potions for 52 gold pieces
  5905 | D:7      | Reached skill level 5 in Throwing
  5961 | D:7      | Found a shadowy altar of Dithmenos.
  5967 | D:7      | Reached skill level 8 in Maces & Flails
  6453 | D:8      | Found an opulent altar of Gozag.
  6469 | D:8      | Reached XP level 9. HP: 65/75 MP: 9/9
  6542 | D:8      | Found a blossoming altar of Fedhas.
  6607 | D:8      | HP: 3/78 [wasp (10)]
  6612 | D:8      | HP: 1/78 [poisoned by a wasp]
  6619 | D:8      | HP: 1/78 [poisoned by a wasp]
  6627 | D:8      | HP: 1/78 [poisoned by a wasp]
  6900 | D:8      | Paralysed by a wasp for 3 turns
  7091 | D:8      | Found Tejapn's Book Emporium.
  7283 | D:8      | Found an opulent altar of Gozag.
  7378 | D:8      | Reached skill level 9 in Maces & Flails
  8149 | D:8      | Became a worshipper of Gozag Ym Sagoz the Greedy
  8226 | D:9      | Noticed a troll
  8246 | D:9      | Killed a troll
  8252 | D:9      | Reached XP level 10. HP: 7/86 MP: 10/10
  8268 | D:9      | Noticed a white ugly thing
  8512 | D:9      | Mangled by a white ugly thing

Vault maps used:
D:1:      mrwooster_arrival_statue
D:2:      good_gods_mini_temple
D:3:      grunt_temple_overflow_champion_of_chaos, uniq_purgy,
          uniq_crazy_yiuf_cottage
D:4:      nicolae_overflow_hidden_temple, kennysheep_mini_moat, first_bread,
          serial_shops, nicolae_shop_stone, shop_statue, nicolae_shop_trees,
          nicolae_shop_temple_entry_statues_fountains, shop
D:5:      gup_sewer_entry_glass, minmay_misc_feat_more_columns
D:6:      nicolae_ru_awakened_eye, serial_shops,
          nicolae_shop_overgrown_old_shop, shop_fountains, grunt_ministairs_6
D:7:      old_standard_altar, minmay_temple_entry_statues_fountains,
          serial_shops, shop, shop, shop
D:8:      old_standard_altar, lemuel_round_altar, serial_shops, shop,
          hangedman_pestilent_swarm, nicolae_gozag_seed_capital
D:9:      old_forge, grunt_temple_overflow_bloody_war, minmay_lair_entry_lava,
          kennysheep_another_room
Temple:   temple_island_7
Sewer:    kennysheep_pipe_town

Action                   |  1- 3 |  4- 6 |  7- 9 | 10-12 || total
-------------------------+-------+-------+-------+-------++-------
Melee: Flail             |    72 |   101 |       |       ||   173
       Quarterstaff      |       |    20 |   135 |    17 ||   172
       Dagger            |       |       |   375 |     6 ||   381
Throw: Tomahawk          |       |    15 |     3 |       ||    18
       Throwing net      |       |     5 |       |       ||     5
       Javelin           |       |     2 |       |       ||     2
 Abil: Spit Acid         |       |       |     1 |     3 ||     4
Evoke: Wand              |       |     4 |     7 |       ||    11
  Use: Potion            |       |       |     2 |     2 ||     4
 Stab: Sleeping          |     1 |     1 |     4 |       ||     6
       Held in net/web   |       |     2 |       |       ||     2
       Petrifying        |       |       |     1 |     1 ||     2
       Paralysed         |       |       |     4 |       ||     4
  Eat: Chunk             |     1 |     3 |    17 |       ||    21
       Pizza             |       |     1 |     1 |       ||     2
       Beef jerky        |       |     1 |       |       ||     1
       Fruit             |       |       |       |     3 ||     3
